 Dungeon Crawl Stone Soup version 0.30-a0-365-ge7f957f1db (webtiles) character file.

Game seed: 4854783060156378118

31 qeuew the Sneak (level 3, -5/14 HPs)
             Began as a Felid Conjurer on Nov 17, 2022.
             Slain by a gnoll
             ... wielding a +0 flail
              (12 damage)
             ... on level 2 of the Dungeon.
             The game lasted 00:01:34 (1395 turns).

qeuew the Sneak (Felid Conjurer)                    Turns: 1395, Time: 00:01:34

Health: -5/14      AC:  1    Str:  0 (3)  XL:     3   Next: 7%
Magic:  1/7        EV: 17    Int: 17 (19) God:
Gold:   41         SH:  0    Dex: 15 (16) Spells: 5/6 levels left
                                        Lives:  0   Deaths: 0

rFire   . . .      SeeInvis +    (weapon unavailable)
rCold   . . .      Faith    .    (shield unavailable)
rNeg    . . .      Spirit   .    (body armour unavailable)
rPois   .          Reflect  .    (helmet unavailable)
rElec   .          Harm     .    (cloak unavailable)
rCorr   .          Rampage  .    (gloves unavailable)
Will    +....                    (boots unavailable)
Stlth   +++.......               (no amulet)
HPRegen 0.00/turn                f - ring of willpower
MPRegen 0.10/turn                (no ring)

@: very slightly contaminated, inhibited regen, slowed, lost strength, slow
A: very small, claws 1, fangs 3, see invisible, speed 1, shaggy fur 1, stealthy
paws, no weapons or thrown items, no armour, multi-lived
a: no special abilities


You were on level 2 of the Dungeon.
You visited 1 branch of the dungeon, and saw 2 of its levels.

You collected 41 gold pieces.

Inventory:

Jewellery
 f - a ring of willpower (left paw)
Potions
 a - a potion of magic
 e - a potion of might


   Skills:
 + Level 3.1 Dodging
 * Level 3.8 Stealth
 + Level 0.7 Unarmed Combat
 + Level 2.2 Spellcasting
 + Level 3.7 Conjurations


You had 5 spell levels left.
You knew the following spells:

 Your Spells              Type           Power      Damage    Failure   Level
a - Magic Dart            Conj           56%        1d5       4%          1

Your spell library contained the following spells:

 Spells                   Type           Power      Damage    Failure   Level
 Searing Ray              Conj           28%        2d5       6%          2
 Dazzling Flash           Conj/Hex       16%        N/A       26%         3
 Fulminant Prism          Conj/Hex       4%         3d5       65%         4
 Iskenderun's Mystic Bla  Conj/Tloc      8%         2d4       65%         4


Dungeon Overview and Level Annotations

Branches:
Dungeon (2/15)

Altars:


Innate Abilities, Weirdness & Mutations

You have sharp claws.
You have razor-sharp teeth.
You have supernaturally acute eyesight. (SInv)
You cover ground quickly. (Speed+)
You are covered in fur. (AC +1)
Your paws help you pounce on unaware monsters.
You are incapable of wielding weapons or throwing items.
You cannot wear armour.
You gain extra lives every three experience levels.


Message History

You see here a worm corpse.
A goblin comes into view. It is wielding a +0 club.
A goblin is nearby!
The magic dart hits the goblin.
You kill the goblin!
You can't see any susceptible monsters within range! (Use Z to cast anyway.)
Things that are here:
a +0 club; a goblin corpse A gnoll comes into view.
It is wielding a +0 flail.
The magic dart hits the gnoll.
The gnoll is lightly wounded.
The gnoll shouts!
You hear a shout!
A gnoll comes into view. It is wielding a +0 whip.
A gnoll comes into view. It is wielding a +0 club.
You hear a shout!
There are monsters nearby!
There are monsters nearby!
The magic dart hits the gnoll.
The gnoll is moderately wounded.
The gnoll shouts!
There are monsters nearby!
You miscast Magic Dart.
You are very lightly contaminated with residual magic.
Nothing appears to happen.
The magic dart hits the gnoll.
The gnoll is heavily wounded.
The gnoll completely misses you.
The magic dart hits the gnoll but does no damage.
The gnoll is heavily wounded.
A hobgoblin comes into view.
The gnoll barely misses you. x2; The gnoll hits you with a +0 flail.
The magic dart hits the gnoll.
The gnoll is severely wounded.
The gnoll barely misses you.
The magic dart hits the gnoll.
The gnoll is severely wounded.
The gnoll hits you with a +0 club. The gnoll completely misses you.
The gnoll hits you with a +0 flail!
Ouch! That really hurt!
You die...

# ###########
####.#.#...#.#.###
....#...#...#...#
#.gg#.#.#...#.#
#.g@#.#.#..)#.#
...g..#...#...#...#
..### #.#...#.#.#.#
###########.#
#.#####.#
##.#.....#
##.#..#####
..######.###†##
#.<.....## ##.#


You could see 3 gnolls and a hobgoblin.

Vanquished Creatures
  A worm (D:2)
  3 endoplasms
  A hobgoblin (D:1)
  5 ball pythons (D:1)
  6 bats (D:1)
  7 frilled lizards (D:1)
  2 goblins
  2 kobolds (D:1)
  A rat (D:1)
28 creatures vanquished.

Vanquished Creatures (others)
  A plant (D:1)
1 creature vanquished.

Grand Total: 29 creatures vanquished

Notes
Turn   | Place    | Note
-------+----------+-------------------------------------------
     0 | D:1      | qeuew the Felid Conjurer began the quest for the Orb.
     0 | D:1      | Reached XP level 1. HP: 7/7 MP: 4/4
   199 | D:1      | Reached XP level 2. HP: 11/11 MP: 4/6
  1214 | D:1      | Lost strength.
  1309 | D:2      | Reached XP level 3. HP: 14/14 MP: 1/7
  1395 | D:2      | Slain by a gnoll

Illustrated notes

Levels and vault maps discovered:
D:1:      lightli_arrival_isolated_outpost, layout_loops_corners, serial_forest,
          infiniplex_forest_straight_1, infiniplex_forest_clump_small,
          infiniplex_forest_fountain, infiniplex_forest_lined_2,
          infiniplex_forest_end_1, infiniplex_forest_lined_room_2,
          infiniplex_forest_lined_room_, infiniplex_forest_end_double,
          infiniplex_forest_clump_diagonal, infiniplex_forest_lined_ring,
          minmay_lizard_pond
D:2:      layout_loops_ring, minmay_misc_feat_alley, hex_large, uniq_terence

Skill      XL: |  1  2 |
---------------+-------+-----
Stealth        | 3 |  3.8
Dodging        | 3 |  3.1
Unarmed Combat | |  0.7
Spellcasting   | |  2.2
Conjurations   | |  3.7

Action                   || total
-------------------------++-------
Melee: Unarmed           ||    13
 Cast: Magic Dart        ||    49
  Use: Potion            ||     3
       Scroll            ||     2
Armor: Skin              ||     5
Dodge: Dodged            ||    16

Table legend: (Time is in decaauts)
 A = Elapsed time spent in this place.
 B = Non-inter-level travel time spent in this place.
 C = Inter-level travel time spent in this place.
 D = Time resting spent in this place.
 E = Time spent auto-exploring this place.
 F = Levels seen in this place.
 G = Mean time per level.
                   A        B        C        D        E       F      G
               +--------+--------+--------+--------+--------+-----+--------+
         Total |   1294 |   1271 |     23 |      0 |   1141 |   2 |  647.0 |
       Dungeon |   1294 |   1271 |     23 |      0 |   1141 |   2 |  647.0 |
               +--------+--------+--------+--------+--------+-----+--------+

Top non-repeatable levels by time:
     D:1: 1082 daAuts
     D:2: 212 daAuts
